MID
LAKE COUNTY CAPTAINS @ GREAT LAKES LOONS
06/10/2099
 
TOP OF THE 1ST
Lake County Captains batting - Pitching for Great Lakes Loons : RHP Eric Anderson
Pitching: RHP Eric Anderson
Batting: RHB Justin Stevenson 0-0: Swinging Strike
0-1: Foul Ball, location: 9LSF
0-2: Ball
1-2: SINGLE (Line Drive, 4D, EV 103.8 MPH)
Batting: SHB Collin Hays 0-0: Called Strike
Justin Stevenson steals 2nd base
0-1: Fly out, F8 (Flyball, 89M, EV 85.6 MPH)
Batting: RHB Wayne Davis 0-0: Foul Ball, location: 23F
0-1: Called Strike
0-2: Ball
1-2: Strikes out swinging
Batting: LHB Matt Beard 0-0: Ball
1-0: Ground out 4-3 (Groundball, 4, EV 85.0 MPH)
Top of the 1st over - 0 runs, 1 hit, 0 errors, 1 left on base; Lake County 0 - Great Lakes 0
BOTTOM OF THE 1ST
Great Lakes Loons batting - Pitching for Lake County Captains : RHP Ivan Puentes
Pitching: RHP Ivan Puentes
Batting: RHB Cory Walton 0-0: Ball
1-0: Ball
2-0: Called Strike
2-1: Foul Ball, location: 2F
2-2: Ground out 5-3 (Groundball, 56, EV 85.6 MPH)
Batting: RHB Austin Vargas 0-0: Swinging Strike
0-1: Ball
1-1: Swinging Strike
1-2: Fly out, F3 (Popup, 3S, EV 81.3 MPH)
Batting: RHB Roy Fontaine 0-0: Called Strike
0-1: Foul Ball, location: 2F
0-2: Foul Ball, location: 3DF
0-2: Strikes out swinging
Bottom of the 1st over - 0 runs, 0 hits, 0 errors, 0 left on base; Lake County 0 - Great Lakes 0
TOP OF THE 2ND
Lake County Captains batting - Pitching for Great Lakes Loons : RHP Eric Anderson
Batting: RHB Gabe Trujillo 0-0: Called Strike
0-1: Called Strike
0-2: Ball
1-2: Foul Ball, location: 7LSF
1-2: Ball
2-2: SINGLE (Line Drive, 6MD, EV 97.5 MPH)
Batting: RHB Jesus Sanchez 0-0: Foul Ball, location: 5FF
0-1: Grounds into double play, 5-4-3 (Groundball, 56, EV 81.3 MPH)
Batting: RHB Ralph Monti 0-0: Called Strike
0-1: Called Strike
0-2: Foul Ball, location: 9LDF
0-2: Foul Ball, location: 9LDF
0-2: Ball
1-2: Ball
2-2: Strikes out swinging
Top of the 2nd over - 0 runs, 1 hit, 0 errors, 0 left on base; Lake County 0 - Great Lakes 0
BOTTOM OF THE 2ND
Great Lakes Loons batting - Pitching for Lake County Captains : RHP Ivan Puentes
Batting: SHB Alex Quiroga 0-0: Called Strike
0-1: SINGLE (Groundball, 6MD, EV 102.5 MPH)
Batting: SHB Jason Phillips 0-0: Foul Ball, location: 25FF
0-1: Ball
1-1: Ball
2-1: Ball
3-1: Swinging Strike
3-2: Strikes out swinging
Batting: RHB Trent Shere 0-0: Called Strike
0-1: Ball
1-1: Foul Ball, location: 23F
1-2: Grounds into double play, 6-4-3 (Groundball, 6, EV 99.4 MPH)
Bottom of the 2nd over - 0 runs, 1 hit, 0 errors, 0 left on base; Lake County 0 - Great Lakes 0
TOP OF THE 3RD
Lake County Captains batting - Pitching for Great Lakes Loons : RHP Eric Anderson
Batting: RHB Chad Black 0-0: Ground out 6-3 (Groundball, 6D, EV 96.3 MPH)
Batting: RHB Phil Sneed 0-0: Called Strike
0-1: Ball
1-1: Foul Ball, location: 9LSF
1-2: Fly out, F8 (Flyball, 89M, EV 91.9 MPH)
Batting: RHB Justin Stevenson 0-0: Fly out, F8 (Flyball, 8RD, EV 103.8 MPH)
Top of the 3rd over - 0 runs, 0 hits, 0 errors, 0 left on base; Lake County 0 - Great Lakes 0
BOTTOM OF THE 3RD
Great Lakes Loons batting - Pitching for Lake County Captains : RHP Ivan Puentes
Batting: LHB Russ Hailer 0-0: Called Strike
0-1: SINGLE (Line Drive, 8LS, EV 103.8 MPH)
Batting: RHB Adam Averett 0-0: Ball
1-0: Sac Bunt to P - play at second, runner OUT! 1-6
Batting: RHB Karl Gorgone 0-0: Ball
1-0: Grounds into double play, 6-4-3 (Groundball, 6, EV 78.8 MPH)
Bottom of the 3rd over - 0 runs, 1 hit, 0 errors, 0 left on base; Lake County 0 - Great Lakes 0
TOP OF THE 4TH
Lake County Captains batting - Pitching for Great Lakes Loons : RHP Eric Anderson
Batting: SHB Collin Hays 0-0: Ball
1-0: Ball
2-0: Swinging Strike
2-1: Foul Ball, location: 5FF
2-2: Foul Ball, location: 2F
2-2: Strikes out looking
Batting: RHB Wayne Davis 0-0: Ball
1-0: DOUBLE (Flyball, 8RXD, EV 96.3 MPH)
Batting: LHB Matt Beard 0-0: SINGLE (Line Drive, 78S, EV 99.4 MPH)
Wayne Davis to third
Batting: RHB Gabe Trujillo 0-0: Foul Ball, location: 9LMFF
0-1: Ball
1-1: Ball
Passed Ball!
Wayne Davis scores
Matt Beard to second
2-1: Foul Ball, location: 25F
2-2: Foul Ball, location: 2F
2-2: Foul Ball, location: 2F
2-2: SINGLE (Line Drive, 89S, EV 102.5 MPH)
Matt Beard to third
Runner from 3rd tries for Home, SAFE, throw by CF to home
Gabe Trujillo to second
Batting: RHB Jesus Sanchez 0-0: Ball
Gabe Trujillo steals 3rd base
1-0: Ball
2-0: Ball
3-0: Called Strike
3-1: Fly out, F5 (Line Drive, 5, EV 72.5 MPH)
Batting: RHB Ralph Monti 0-0: Called Strike
0-1: Called Strike
0-2: Ball
1-2: Ground out 6-3 (Groundball, 6, EV 80.6 MPH)
Top of the 4th over - 2 runs, 3 hits, 0 errors, 1 left on base; Lake County 2 - Great Lakes 0
BOTTOM OF THE 4TH
Great Lakes Loons batting - Pitching for Lake County Captains : RHP Ivan Puentes
Batting: RHB Cory Walton 0-0: Ball
1-0: Foul Ball, location: 25F
1-1: SINGLE (Flyball, 8RS, EV 90.6 MPH)
Batting: RHB Austin Vargas 0-0: Called Strike
0-1: Called Strike
0-2: Ball
1-2: Fly out, F3 (Popup, 34S, EV 78.8 MPH)
Batting: RHB Roy Fontaine 0-0: Fielders Choice at 2nd, 4-6 (Groundball, 34, EV 91.9 MPH)
Batting: SHB Alex Quiroga 0-0: SINGLE (Line Drive, 4M, EV 106.3 MPH)
Roy Fontaine to second
Batting: SHB Jason Phillips 0-0: Foul Ball, location: 2F
0-1: Foul Ball, location: 7LMF
0-2: Ball
1-2: Ball
2-2: Foul Ball, location: 9LSF
2-2: Ball
3-2: Strikes out looking
Bottom of the 4th over - 0 runs, 2 hits, 0 errors, 2 left on base; Lake County 2 - Great Lakes 0
TOP OF THE 5TH
Lake County Captains batting - Pitching for Great Lakes Loons : RHP Eric Anderson
Batting: RHB Chad Black 0-0: SINGLE (Line Drive, 89S, EV 90.0 MPH)
Batting: RHB Phil Sneed 0-0: Ball
1-0: Ball
Balk!
Chad Black to second
2-0: Called Strike
2-1: Called Strike
2-2: Foul Ball, location: 9LDF
2-2: Ground out 6-3 (Groundball, 6, EV 83.8 MPH)
Batting: RHB Justin Stevenson 0-0: Called Strike
0-1: Foul Ball, location: 5DF
0-2: Strikes out swinging
Batting: SHB Collin Hays 0-0: Foul Ball, location: 9LDF
0-1: Ball
1-1: Ball
2-1: Ball
3-1: Called Strike
3-2: Ground out 4-3 (Groundball, 34D, EV 95.6 MPH)
Top of the 5th over - 0 runs, 1 hit, 0 errors, 1 left on base; Lake County 2 - Great Lakes 0
BOTTOM OF THE 5TH
Great Lakes Loons batting - Pitching for Lake County Captains : RHP Ivan Puentes
Batting: RHB Trent Shere 0-0: Foul Ball, location: 5F
0-1: Ball
1-1: Ball
2-1: Ball
3-1: Fly out, F7 (Flyball, 7, EV 100.0 MPH)
Batting: LHB Russ Hailer 0-0: Ball
1-0: Foul Ball, location: 7LSF
1-1: Ball
2-1: Swinging Strike
2-2: Ball
3-2: Ground out U3 (Groundball, 23, EV 78.8 MPH)
Batting: RHB Adam Averett 0-0: Called Strike
0-1: Foul Ball, location: 9LMF
0-2: Ground out 1-3 (Groundball, 13S, EV 70.6 MPH)
Bottom of the 5th over - 0 runs, 0 hits, 0 errors, 0 left on base; Lake County 2 - Great Lakes 0
TOP OF THE 6TH
Lake County Captains batting - Pitching for Great Lakes Loons : RHP Eric Anderson
Batting: RHB Wayne Davis 0-0: Fly out, F3 (Popup, 3, EV 59.4 MPH)
Batting: LHB Matt Beard 0-0: Ball
1-0: Foul Ball, location: 7LMF
1-1: Ball
2-1: Ball
3-1: Base on Balls
Batting: RHB Gabe Trujillo 0-0: Ball
1-0: Fly out, F8 (Line Drive, 8RD, EV 106.9 MPH)
Batting: RHB Jesus Sanchez 0-0: Fielders Choice at 2nd, 6-4 (Groundball, 6, EV 83.8 MPH)
Top of the 6th over - 0 runs, 0 hits, 0 errors, 1 left on base; Lake County 2 - Great Lakes 0
BOTTOM OF THE 6TH
Great Lakes Loons batting - Pitching for Lake County Captains : RHP Ivan Puentes
Batting: RHB Karl Gorgone 0-0: Ball
1-0: Called Strike
1-1: Foul Ball, location: 9LDF
1-2: Ball
2-2: Foul Ball, location: 2F
2-2: Foul Ball, location: 2F
2-2: Strikes out looking
Batting: RHB Cory Walton 0-0: Ball
1-0: Foul Ball, location: 9LMF
1-1: Ground out 1-3 (Groundball, P, EV 65.0 MPH)
Batting: RHB Austin Vargas 0-0: Called Strike
0-1: Ball
1-1: Ball
2-1: Foul Ball, location: 25F
2-2: Ball
3-2: Foul Ball, location: 9LSF
3-2: Fly out, F7 (Line Drive, 78M, EV 89.4 MPH)
Bottom of the 6th over - 0 runs, 0 hits, 0 errors, 0 left on base; Lake County 2 - Great Lakes 0
TOP OF THE 7TH
Lake County Captains batting - Pitching for Great Lakes Loons : RHP Eric Anderson
Batting: RHB Ralph Monti 0-0: Called Strike
0-1: SOLO HOME RUN (Line Drive, 7LD, EV 96.3 MPH), Distance : 352 ft
Batting: RHB Chad Black 0-0: Called Strike
0-1: Ball
1-1: Foul Ball, location: 2F
1-2: Ball
2-2: Ground out U3 (Groundball, 34, EV 106.9 MPH)
Pitching: RHP Travis Groman
Batting: RHB Phil Sneed 0-0: Ball
1-0: Foul Ball, location: 2F
1-1: Ball
2-1: Swinging Strike
2-2: Strikes out looking
Batting: RHB Justin Stevenson 0-0: Ball
1-0: Called Strike
1-1: Swinging Strike
1-2: Strikes out swinging
Top of the 7th over - 1 run, 1 hit, 0 errors, 0 left on base; Lake County 3 - Great Lakes 0
BOTTOM OF THE 7TH
Great Lakes Loons batting - Pitching for Lake County Captains : RHP Ivan Puentes
Batting: RHB Roy Fontaine 0-0: Ball
1-0: Fly out, F3 (Popup, 3SF, EV 76.3 MPH)
Batting: SHB Alex Quiroga 0-0: Fly out, F6 (Popup, 6MD, EV 51.3 MPH)
Batting: SHB Jason Phillips 0-0: Ball
1-0: Called Strike
1-1: Ball
2-1: Foul Ball, location: 2F
2-2: Ball
3-2: Strikes out looking
Bottom of the 7th over - 0 runs, 0 hits, 0 errors, 0 left on base; Lake County 3 - Great Lakes 0
TOP OF THE 8TH
Lake County Captains batting - Pitching for Great Lakes Loons : RHP Travis Groman
Batting: SHB Collin Hays 0-0: Ball
1-0: SINGLE (Line Drive, 9LS, EV 85.6 MPH)
Batting: RHB Wayne Davis 0-0: Called Strike
0-1: Ball
1-1: Grounds into double play, 5-4-3 (Groundball, 56, EV 103.8 MPH)
Batting: LHB Matt Beard 0-0: Ball
1-0: Ball
2-0: Called Strike
2-1: Swinging Strike
2-2: Foul Ball, location: 2F
2-2: Foul Ball, location: 3F
2-2: Foul Ball, location: 23FF
2-2: Strikes out looking
Top of the 8th over - 0 runs, 1 hit, 0 errors, 0 left on base; Lake County 3 - Great Lakes 0
BOTTOM OF THE 8TH
Great Lakes Loons batting - Pitching for Lake County Captains : RHP Ivan Puentes
Batting: RHB Trent Shere 0-0: Swinging Strike
0-1: Ball
1-1: Foul Ball, location: 23F
1-2: Strikes out swinging
Pinch Hitting: SHB Mark Henning 0-0: Ball
1-0: Swinging Strike
1-1: Swinging Strike
1-2: Ground out 5-3 (Groundball, 56, EV 106.3 MPH)
Pinch Hitting: RHB Jeff Epperly 0-0: Called Strike
0-1: Ground out 6-3 (Groundball, 6S, EV 63.8 MPH)
Bottom of the 8th over - 0 runs, 0 hits, 0 errors, 0 left on base; Lake County 3 - Great Lakes 0
TOP OF THE 9TH
Lake County Captains batting - Pitching for Great Lakes Loons : RHP Travis Groman
Now at 2B: Mark Henning
Now at SS: Jason Phillips
Now in RF: Jeff Epperly
Batting: RHB Gabe Trujillo 0-0: Ball
1-0: Ball
2-0: Called Strike
2-1: DOUBLE (Line Drive, 8RXD, EV 108.1 MPH)
Batting: RHB Jesus Sanchez 0-0: Ball
1-0: Swinging Strike
1-1: Ball
2-1: Ball
3-1: Foul Ball, location: 2F
3-2: Strikes out swinging
Batting: RHB Ralph Monti 0-0: Ball
1-0: Called Strike
1-1: Ball
2-1: Ball
Wild Pitch!
Gabe Trujillo to third
3-1: Foul Ball, location: 3SF
3-2: Foul Ball, location: 9LSF
3-2: SINGLE (Groundball, 3D, EV 105.6 MPH)
Gabe Trujillo scores
Batting: RHB Chad Black 0-0: Called Strike
Ralph Monti steals 2nd base
0-1: Foul Ball, location: 5FF
0-2: Ball
1-2: Fly out, F9 (Flyball, 9LSF, EV 85.0 MPH)
Batting: RHB Phil Sneed 0-0: Foul Ball, location: 5SF
0-1: Called Strike
Ralph Monti steals 3rd base (no throw)
0-2: Ball
1-2: Fly out, F8 (Flyball, 8LD, EV 93.8 MPH)
Top of the 9th over - 1 run, 2 hits, 0 errors, 1 left on base; Lake County 4 - Great Lakes 0
BOTTOM OF THE 9TH
Great Lakes Loons batting - Pitching for Lake County Captains : RHP Ivan Puentes
Pitching: RHP Chad Schoonover
Batting: RHB Karl Gorgone 0-0: Called Strike
0-1: Fly out, F7 (Flyball, 7, EV 93.8 MPH)
Batting: RHB Cory Walton 0-0: Ball
1-0: Ball
2-0: Ball
3-0: Called Strike
3-1: Swinging Strike
3-2: Strikes out looking
Batting: RHB Austin Vargas 0-0: Ball
1-0: Called Strike
1-1: Called Strike
1-2: Ball
2-2: Ball
3-2: Foul Ball, location: 9LSF
3-2: Foul Ball, location: 5F
3-2: Base on Balls
Batting: RHB Roy Fontaine 0-0: Called Strike
0-1: Ball
1-1: Foul Ball, location: 25F
1-2: Foul Ball, location: 9LSF
1-2: 2-RUN HOME RUN (Flyball, 9D, EV 92.5 MPH), Distance : 358 ft
Batting: SHB Alex Quiroga 0-0: Called Strike
0-1: Reached via error on a dropped throw from 1B, E1 (Groundball, 34, EV 89.4 MPH)
Batting: SHB Jason Phillips 0-0: Ball
1-0: Fly out, F8 (Flyball, 8RS, EV 92.5 MPH)
Bottom of the 9th over - 2 runs, 1 hit, 1 error, 1 left on base; Lake County 4 - Great Lakes 2
Wednesday, May 8th , 2024 - OOTP Baseball 24.11 Build 85